[Event "*** Titled Tuesday 3|2 Blitz (Early)"]
[Site "Chess.com"]
[Date "2016.12.06"]
[Round "7"]
[White "LPSupi"]
[Black "Jungle_Jaguar"]
[Result "1-0"]
[WhiteElo "2588"]
[BlackElo "2404"]
[TimeControl "180+2"]
[EndTime "12:35:13 PST"]
[Termination "LPSupi won by checkmate"]

1. d4 Nf6 2. Nf3 d5 3. c4 c6 4. Qc2 e6 5. Nbd2 Be7 6. g3 O-O 7. Bg2 Nbd7 8. O-O b6 9. b3 Ba6 10. Bb2 Rc8 11. Rac1 Re8 12. Rfd1 c5 13. Qb1 Bb7 14.
cxd5 exd5 15. dxc5 bxc5 16. e3 Qb6 17. Ne5 Nxe5 18.
Bxe5 Red8 19. Nf3 Ba6 20. Nh4 Qe6 21. Qb2 g6 22. Nf3 Nd7 23. Bc3 Nb6 24. h3 Rb8 25. Qc2 Rbc8 26. Kh2 Bf6 27. Bxf6 Qxf6 28. Qd2 c4 29.
Nd4 cxb3 30. axb3 Bb7 31. Kg1 Nd7 32. Rxc8 Rxc8 33. Ne2 Nb6 34. Nf4 Qc3 35. Qa2 a6 36. Nxd5 Bxd5 37. Bxd5 Kg7 38. Bg2 Rc7 39. Kh2 Nd7 40. Rd4 Nf6 41. b4 Qc2 42. Qxc2 Rxc2 43. Kg1 Rb2 44. Bf1 Ra2 45. Bd3 Ne8 46. Rd7 Nf6 47.
Rxf7+ Kxf7 48. Bc4+ Ke7 49. Bxa2 Nd7 50. Bc4 Nb8 51. f4 Nc6 52. Bxa6 Nxb4 53. Bc4 Kf6 54. Kf2 Nc6 55. Kf3 h5 56. Bd5 Ne7 57. e4 Nc8 58. e5+ Kg7 59. Ke4 Ne7 60. g4 hxg4 61. hxg4 Kf8 62.
f5 gxf5+ 63. gxf5 Nc8 64. f6 Nb6 65. Bb3 Nd7 66. Kf5 Nc5 67. Bc4 Nd7 68. e6 Nb6 69.
e7+ Ke8 70. Bb5+ Nd7 71. Bxd7+ Kxd7 72. Kg6 Ke8 73. Kg7 Kd7 74. f7 Kxe7 75. f8=Q+ Ke6 76. Qf6+ Kd5 77. Qe7 Kc4 78. Qe5 Kd3 79. Qf4 Kc2 80. Qe3 Kd1 81. Qf2 Kc1 82. Qe2 Kb1 83. Qd2 Ka1 84. Kf6 Kb1 85. Ke5 Ka1 86. Kd4 Kb1 87. Kc3 Ka1 88. Qb2# 1-0

[Event "*** Titled Tuesday 3|2 Blitz (Early)"]
[Site "Chess.com"]
[Date "2016.12.06"]
[Round "7"]
[White "AdrianaNikolova"]
[Black "Holden-Caulfield"]
[Result "1-0"]
[WhiteElo "2267"]
[BlackElo "2471"]
[TimeControl "180+2"]
[EndTime "12:38:56 PST"]
[Termination "AdrianaNikolova won by resignation"]

1. e4 d6 2. d4 Nf6 3. Nc3 e5 4. Nf3 Nbd7 5. Bc4 Be7 6. O-O O-O 7. Re1 c6 8. a4 a5 9. Ba2 exd4 10. Nxd4 Ne5 11. Bf4 Qc7 12. h3 Re8 13. Qd2 Bd7 14.
Rad1 Rad8 15. Nf5 Bxf5 16. exf5 Bf8 17. Bg3 h6 18. Qd4 Qc8 19. Qb6 Ned7 20. Qxa5 Rxe1+ 21. Rxe1 d5 22. Qc7 Qxc7 23. Bxc7 Rc8 24. Bf4 Nc5 25. b4 Ncd7 26. Rb1 d4 27. Ne2 Nb6 28.
Nxd4 Nxa4 29. Ne2 Re8 30. Bc4 Nb6 31. Bd3 Nbd5 32. Bd2 Bd6 33. Kf1 Ra8 34. c4 Ne7 35. g4 Ra2 36. Bf4 Nc8 37. Bxd6 Nxd6 38. Ng3 Nd7 39.
c5 Ne8 40. Bc4 Ra4 41. Ne4 Ne5 42. Be2 Kf8 43. f4 Nd7 44. Kf2 Ke7 45. Rb3 Ndf6 46. Nxf6 Nxf6 47. Bc4 Kf8 48. Ke3 Nd7 49. g5 Ke7 50.
Kd4 Ra1 51. Re3+ Kf8 52. Rd3 Ke7 53. Re3+ Kf8 54. Rd3 Ke8 55. Kc3 hxg5 56. fxg5 Ne5 57. Re3 f6 58. gxf6 gxf6 59. Be6 Ra3+ 60. Kd4 Ra1 61.
Rg3 Rd1+ 62. Kc3 Rh1 63. Rg8+ Ke7 64. Rg7+ Ke8 65. Rh7 Rh2 66. Kd4 Rd2+ 67. Ke3 Rd3+ 68. Kf2 Rc3 69. Kg2 Rc2+ 70. Kg3 Rc3+ 71. Kf2 Rc2+ 72.
Ke3 Rc3+ 73. Kd2 Rd3+ 74. Kc2 Rg3 75. Rh8+ Ke7 76. Rh7+ Ke8 77. Rxb7 Rxh3 78. Rb8+ Ke7 79. Rb7+ Ke8 80. b5 cxb5 81. Rb8+ Ke7 82. Rb7+ Kd8 83. Rxb5 Kc7 84. Bd5 Nc6 85. Rb6 Nd4+ 86. Kd2 Nxf5 87. Rc6+ Kd8 88. Rxf6 Ne7 89. Rf8+ Kd7 90. Rf7 Rh2+ 91.
Kd3 Kd8 92. Be4 Rh5 93. Kd4 Kd7 94. c6+ Kd6 95. Rf6+ Kc7 96. Re6 Nc8 97. Rg6 Rh7 98.
Rf6 Re7 99. Bf3 Nd6 100. Kc5 Nc8 101. Bd5 Nb6 102. Bf3 Nc8 103. Rf4 Nd6 104. Ra4 Nc8 105. Rb4 Nd6 106. Ra4 Nc8 107. Ra2 Re5+ 108. Kd4 Rg5 109. Rb2 Nd6 110. Bd5 Rg4+ 111. Kc5 Rg5 112. Ra2 Nc8 113. Rh2 Rg7 114. Rb2 Nd6 115. Ra2 Nc8 116. Rf2 Rh7 117. Rb2 Nd6 118. Rg2 Nc8 119. Rg8 Re7 120. Rg6 Rh7 121. Rg8 Re7 122. Bf3 Re5+ 123. Kd4 Re7 124. Rg6 Rh7 125. Bg4 Ne7 126. Rf6 Nxc6+ 127. Kc5 Rg7 128. Rxc6+ Kb7 129. Bf3 Rg5+ 130. Bd5 Rg1 131. Rg6+ 1-0

[Event "*** Titled Tuesday 3|2 Blitz (Early)"]
[Site "Chess.com"]
[Date "2016.12.06"]
[Round "8"]
[White "Enzy63"]
[Black "Andrejkin"]
[Result "1/2-1/2"]
[WhiteElo "2024"]
[BlackElo "2179"]
[TimeControl "180+2"]
[EndTime "12:40:41 PST"]
[Termination "Game drawn by agreement"]

1. d4 Nf6 2. Nf3 e6 3. c4 b6 4. g3 Bb7 5. Bg2 Be7 6. O-O O-O 7. Nc3 Ne4 8. Bd2 Nxd2 9. Qxd2 d5 10. cxd5 Bxd5 1/2-1/2

[Event "*** Titled Tuesday 3|2 Blitz (Early)"]
[Site "Chess.com"]
[Date "2016.12.06"]
[Round "8"]
[White "poummba"]
[Black "jup1978"]
[Result "1/2-1/2"]
[WhiteElo "2355"]
[BlackElo "2223"]
[TimeControl "180+2"]
[EndTime "12:40:56 PST"]
[Termination "Game drawn by agreement"]

1. e4 e5 2. Nf3 Nc6 3. Bc4 Bc5 4.
O-O d6 5. c3 Nf6 6. d4 Bb6 7.
dxe5 Nxe5 8. Nxe5 dxe5 9. Qxd8+ Kxd8 10. Bg5 Ke7 11. Nd2 Be6 12. Bxe6 Kxe6 13. Bxf6 Kxf6 14.
Nc4 Rhd8 15. Rfd1 Ke6 16. Kf1 c6 17. Nxb6 axb6 18. a3 b5 19. Ke2 f6 20. Rxd8 Rxd8 21. Rd1 1/2-1/2

[Event "*** Titled Tuesday 3|2 Blitz (Early)"]
[Site "Chess.com"]
[Date "2016.12.06"]
[Round "8"]
[White "WanderingPuppet"]
[Black "Nachsueb"]
[Result "1-0"]
[WhiteElo "2293"]
[BlackElo "2089"]
[TimeControl "180+2"]
[EndTime "12:41:52 PST"]
[Termination "WanderingPuppet won by resignation"]

1. e4 e5 2. Nf3 Nc6 3. Bb5 a6 4.
Ba4 Nf6 5. O-O b5 6. Bb3 Be7 7. Re1 O-O 8. a4 Rb8 9. axb5 axb5 10. c3 d6 11. d4 exd4 12. cxd4 Bg4 13. Be3 Nxe4 14. Bd5 1-0

[Event "*** Titled Tuesday 3|2 Blitz (Early)"]
[Site "Chess.com"]
[Date "2016.12.06"]
[Round "8"]
[White "jncool68"]
[Black "alturas_pacificas"]
[Result "0-1"]
[WhiteElo "2469"]
[BlackElo "2197"]
[TimeControl "180+2"]
[EndTime "12:42:27 PST"]
[Termination "alturas_pacificas won by resignation"]

1. e4 e5 2. Nf3 Nf6 3. Nxe5 d6 4.
Nc4 Nxe4 5. Nc3 Nxc3 6. bxc3 Be7 7. d4 O-O 8. Bd3 Bf6 9. O-O Nd7 10. Qf3 Nb6 11.
Ne3 c6 12. a4 Be6 13. a5 Nd5 14. a6 b6 15. c4 Nxe3 16. Bxe3 d5 17. cxd5 Bxd5 18.
Qh3 g6 19. c4 Be6 20. Rad1 Bxh3 0-1

[Event "*** Titled Tuesday 3|2 Blitz (Early)"]
[Site "Chess.com"]
[Date "2016.12.06"]
[Round "8"]
[White "pedromartinez91"]
[Black "Tesla37"]
[Result "0-1"]
[WhiteElo "2349"]
[BlackElo "2614"]
[TimeControl "180+2"]
[EndTime "12:42:32 PST"]
[Termination "Tesla37 won by resignation"]

1. e4 c5 2. Nf3 e6 3. c3 Nf6 4. e5 Nd5 5. b4 cxb4 6. c4 Ne7 7.
d4 d6 8. exd6 Qxd6 9. Bd3 Nbc6 10.
Bb2 Ng6 11. O-O Be7 12. d5 exd5 13. cxd5 Qxd5 14. Qe2 Nf4 15. Qe3 Nxd3 16. Bxg7 Rg8 17. Bd4 Nxd4 0-1

[Event "*** Titled Tuesday 3|2 Blitz (Early)"]
[Site "Chess.com"]
[Date "2016.12.06"]
[Round "8"]
[White "fireheart92"]
[Black "saraswathii"]
[Result "1-0"]
[WhiteElo "2556"]
[BlackElo "2206"]
[TimeControl "180+2"]
[EndTime "12:44:02 PST"]
[Termination "fireheart92 won by resignation"]

1. e4 c5 2. c3 Nf6 3. e5 Nd5 4. d4 cxd4 5. cxd4 Nc6 6. Nc3 Nb6 7. f4 e6 8. Nf3 d6 9. Be3 dxe5 10. fxe5 Bb4 11.
Rc1 Ne7 12. a3 Bxc3+ 13. bxc3 O-O 14. Bd3 Nbd5 15. Bd2 Ng6 16. O-O Bd7 17. Ng5 Be8 18. Qh5 h6 19. Bxg6 Qe7 20. Bh7+ Kh8 21. Be4 1-0

[Event "*** Titled Tuesday 3|2 Blitz (Early)"]
[Site "Chess.com"]
[Date "2016.12.06"]
[Round "8"]
[White "DanielNaroditsky"]
[Black "GM_Donatello"]
[Result "1-0"]
[WhiteElo "2706"]
[BlackElo "2572"]
[TimeControl "180+2"]
[EndTime "12:44:16 PST"]
[Termination "DanielNaroditsky won by resignation"]

1. d4 Nf6 2. Bf4 g6 3. Nc3 d5 4. Qd2 c6 5. f3 b5 6. a3 Nbd7 7.
e4 Nb6 8. e5 Nfd7 9. Bh6 a5 10.
Bd3 Bb7 11. Bxf8 Nxf8 12. Nge2 Ne6 13. O-O h5 14. f4 Ng7 15. f5 Nxf5 16. Bxf5 gxf5 17.
Rxf5 Bc8 18. Rf2 Be6 19. Raf1 Qd7 20. Nf4 O-O-O 21. Nd3 Nc4 22. Qe1 Kb8 23. b3 Nxa3 24. Nc5 Qc8 25. Nxd5 Rxd5 26. Qxa5 b4 27. Qb6+ 1-0

[Event "*** Titled Tuesday 3|2 Blitz (Early)"]
[Site "Chess.com"]
[Date "2016.12.06"]
[Round "8"]
[White "rubhani"]
[Black "Ar4uha"]
[Result "1-0"]
[WhiteElo "2421"]
[BlackElo "2452"]
[TimeControl "180+2"]
[EndTime "12:44:16 PST"]
[Termination "rubhani won by resignation"]

1. e4 e5 2. Nf3 d6 3. d4 exd4 4.
Nxd4 Nf6 5. Nc3 Be7 6. Bd3 O-O 7.
O-O Nbd7 8. Re1 Nc5 9. Bf1 Re8 10. h3 Bf8 11. Qf3 h6 12. Bf4 c6 13. Rad1 Qb6 14.
Nb3 Nxb3 15. axb3 Qc7 16. Qd3 Be6 17. Bxd6 Bxd6 18. Qxd6 Qa5 19. b4 Qg5 20. e5 Nh5 21.
Ne4 Qh4 22. g3 Qe7 23. Qxe7 Rxe7 24. Be2 g6 25. Bxh5 gxh5 26. Kg2 h4 27. g4 Bd5 28.
f4 Kg7 29. Kf2 h5 30. Nd6 Rd7 31. c4 Be6 32. f5 Rxd6 33. exd6 Bxc4 34. d7 1-0

[Event "*** Titled Tuesday 3|2 Blitz (Early)"]
[Site "Chess.com"]
[Date "2016.12.06"]
[Round "8"]
[White "theprosecution1"]
[Black "Genghis_K"]
[Result "0-1"]
[WhiteElo "2544"]
[BlackElo "2687"]
[TimeControl "180+2"]
[EndTime "12:44:19 PST"]
[Termination "Genghis_K won by resignation"]

1. e4 c5 2. Nf3 d6 3. d4 cxd4 4.
Nxd4 Nf6 5. Nc3 a6 6. Rg1 b5 7. g4 Bb7 8. Bg2 e5 9. Nf5 b4 10. Nd5 Nxd5 11. exd5 Nd7 12. Be3 g6 13. Ng3 Be7 14. Qd2 a5 15. a3 O-O 16. g5 f5 17.
gxf6 Nxf6 18. Bh6 Rf7 19. Ne4 Nxd5 20. Ng5 Bxg5 21. Bxg5 Qb6 22. Bxd5 Bxd5 23. axb4 axb4 24. Rd1 Bf3 25. Qxd6 Qxd6 26. Rxd6 Ra1+ 0-1

[Event "*** Titled Tuesday 3|2 Blitz (Early)"]
[Site "Chess.com"]
[Date "2016.12.06"]
[Round "8"]
[White "RaphaeI"]
[Black "Generalas"]
[Result "0-1"]
[WhiteElo "2237"]
[BlackElo "2212"]
[TimeControl "180+2"]
[EndTime "12:44:47 PST"]
[Termination "Generalas won on time"]

1. d4 Nf6 2. c4 c5 3. d5 b5 4.
cxb5 a6 5. bxa6 g6 6. Nc3 Bxa6 7. e4 Bxf1 8. Kxf1 d6 9. Nf3 Nbd7 10. g3 Bg7 11.
Kg2 O-O 12. a4 Qb6 13. Qe2 Rfb8 14. Nb5 Ne8 15. Bg5 Kf8 16. Nd2 Qa6 17. Nc4 Nb6 18. Nxb6 Rxb6 19. Qc2 Qb7 20. Ra2 Rxb5 0-1

[Event "*** Titled Tuesday 3|2 Blitz (Early)"]
[Site "Chess.com"]
[Date "2016.12.06"]
[Round "8"]
[White "Apocalyps999"]
[Black "pastouche06"]
[Result "1-0"]
[WhiteElo "2395"]
[BlackElo "2304"]
[TimeControl "180+2"]
[EndTime "12:45:03 PST"]
[Termination "Apocalyps999 won by resignation"]

1. c4 e6 2. g3 d5 3. Bg2 Nf6 4. Nf3 d4 5. O-O c5 6. b4 cxb4 7. a3 Nc6 8. d3 a5 9. axb4 Bxb4 10.
Na3 O-O 11. Nb5 Qe7 12. Nfxd4 Nxd4 13. Nxd4 Bc3 14. Ba3 Bb4 15. Qb3 Bxa3 16. Rxa3 e5 17. Nc2 e4 18. d4 Bg4 19. Re1 Rfc8 20. Ne3 Bd7 21. c5 Be8 22. Nf5 Qd7 23. Nd6 Rcb8 24. Rd1 b5 25. Nxe4 Nxe4 26. Bxe4 Ra7 27. d5 b4 28. c6 Qd6 29. Ra4 f6 30. Rc1 Bf7 31. Qe3 Rba8 32. c7 Rxc7 33. Rxc7 Qxc7 34. d6 Qd7 35. Bxa8 Qxa4 36. Qe7 Be8 37. Bd5+ 1-0

[Event "*** Titled Tuesday 3|2 Blitz (Early)"]
[Site "Chess.com"]
[Date "2016.12.06"]
[Round "8"]
[White "E-Shaposhnikov"]
[Black "Evgeny_Levin"]
[Result "1/2-1/2"]
[WhiteElo "2733"]
[BlackElo "2740"]
[TimeControl "180+2"]
[EndTime "12:45:35 PST"]
[Termination "Game drawn by agreement"]

1. Nf3 Nf6 2. c4 b6 3. g3 Bb7 4. Bg2 e6 5. O-O Be7 6. Re1 O-O 7. Nc3 Ne4 8. Nxe4 Bxe4 9. d3 Bb7 10. e4 c5 11. d4 cxd4 12. Nxd4 a6 13. b3 d6 14. Bb2 Nd7 15. Qd2 Qc7 16. Rad1 Rad8 17. Bc3 Bf6 18. Qb2 Rfe8 19. h4 Rc8 20. Re3 Qb8 21.
a4 Qc7 22. Qe2 Nc5 23. Qa2 Bd8 24. Ne2 Bc6 25. Qb2 e5 26. Bb4 b5 27. cxb5 axb5 28. a5 Be7 29. Be1 Qb7 30. Nc3 f5 31. b4 Nxe4 32.
Qb3+ Kh8 33. Nd5 Nf6 34. Nxf6 Bxf6 35. Bxc6 Rxc6 36. Qd5 1/2-1/2

[Event "*** Titled Tuesday 3|2 Blitz (Early)"]
[Site "Chess.com"]
[Date "2016.12.06"]
[Round "8"]
[White "NewBornNow"]
[Black "platy3"]
[Result "0-1"]
[WhiteElo "2582"]
[BlackElo "2699"]
[TimeControl "180+2"]
[EndTime "12:45:37 PST"]
[Termination "platy3 won by resignation"]

1. e4 c5 2. Nf3 e6 3. d4 cxd4 4.
Nxd4 a6 5. Bd3 Ne7 6. O-O Nbc6 7. c3 g6 8. Bg5 Bg7 9. Nf3 h6 10. Be3 d5 11. Na3 O-O 12. Qc1 Kh7 13. Rd1 Qc7 14. Nc2 e5 15. exd5 Nxd5 16. Bxg6+ fxg6 17. Rxd5 e4 18. Nfe1 Be6 19. Rd1 Ne5 20. h3 Rae8 21. Nd4 Bc8 22.
Qc2 Nc4 23. Qe2 Be5 24. Bc1 e3 25. Bxe3 Nxe3 26. fxe3 Bh2+ 27. Kh1 Rxe3 0-1

[Event "*** Titled Tuesday 3|2 Blitz (Early)"]
[Site "Chess.com"]
[Date "2016.12.06"]
[Round "8"]
[White "jcibarra"]
[Black "VitaliyBernadskiy"]
[Result "0-1"]
[WhiteElo "2629"]
[BlackElo "2596"]
[TimeControl "180+2"]
[EndTime "12:46:14 PST"]
[Termination "VitaliyBernadskiy won by resignation"]

1. e4 g6 2. d4 Bg7 3. Nf3 d6 4.
Bc4 e6 5. Bb3 Nf6 6. c3 Nxe4 7. d5 e5 8. O-O O-O 9. Re1 Nc5 10. Bc2 a5 11. c4 h6 12. Nc3 f5 13.
Rb1 Nbd7 14. a3 e4 15. Nd4 Ne5 16. Ne6 Nxe6 17. dxe6 Bxe6 18. b3 Ng4 19. Nd5 Qh4 20. Bf4 Qxf2+ 21. Kh1 Bxd5 22. Qxd5+ Kh7 23. Qd2 g5 24. Be3 Qxd2 25. Bxd2 b6 26. Re2 Rae8 27. h3 Nf6 28. g4 fxg4 29. hxg4 Nxg4 30. Kg2 Kh8 31. Bxe4 Nf6 32. Bd3 Rxe2+ 33. Bxe2 Ne4 34. Be3 Nc3 35. Re1 Nxe2 36. Rxe2 Re8 37. Kf3 Kh7 38. Rc2 g4+ 39. Kf4 Kg6 40. b4 axb4 41. axb4 h5 42.
Bg1 Be5+ 43. Ke4 Bh2+ 44. Kd5 Bxg1 45. Kc6 Re7 46. Ra2 g3 47. Re2 Rxe2 0-1

[Event "*** Titled Tuesday 3|2 Blitz (Early)"]
[Site "Chess.com"]
[Date "2016.12.06"]
[Round "8"]
[White "Keranke"]
[Black "Zaven_ChessMood"]
[Result "0-1"]
[WhiteElo "2619"]
[BlackElo "2830"]
[TimeControl "180+2"]
[EndTime "12:46:16 PST"]
[Termination "Zaven_ChessMood won by resignation"]

1. d4 Nf6 2. c4 c5 3. d5 b5 4. cxb5 a6 5. Nc3 axb5 6. e4 b4 7.
Nb5 d6 8. Bc4 g6 9. e5 dxe5 10.
d6 exd6 11. Bg5 Ra6 12. Qb3 d5 13. Bxd5 Qe7 14. Rd1 Bg7 15. Nf3 O-O 16. O-O h6 17.
Bh4 Nbd7 18. Bc4 e4 19. Rfe1 Nb6 20. Nd6 Nxc4 21. Nxc8 Qe6 22. Ne7+ Kh7 23. Bxf6 Bxf6 24. Nd5 Nxb2 25. Rb1 Nd3 26. Re2 Rd8 27. Nxf6+ Qxf6 28. Rxe4 Rad6 29. h3 Kg7 30. a3 Ra6 31. axb4 cxb4 32. Re3 Ra3 33. Qc4 Rc3 34. Qb5 h5 35. Ne5 Qxf2+ 0-1

[Event "*** Titled Tuesday 3|2 Blitz (Early)"]
[Site "Chess.com"]
[Date "2016.12.06"]
[Round "8"]
[White "Noukii"]
[Black "VSERGUEI"]
[Result "1-0"]
[WhiteElo "2670"]
[BlackElo "2600"]
[TimeControl "180+2"]
[EndTime "12:46:20 PST"]
[Termination "Noukii won on time"]

1. d4 d5 2. Nf3 Nf6 3. c4 c6 4. Nc3 a6 5. a4 e6 6. g3 dxc4 7.
Bg2 c5 8. dxc5 Qxd1+ 9. Nxd1 Bd7 10. Ne5 Nc6 11. Nxc6 Bxc6 12. Bxc6+ bxc6 13. Ne3 c3 14. bxc3 Bxc5 15. Nc4 Ne4 16. f3 Nxc3 17. Bb2 Nd5 18. Bxg7 Rg8 19. Be5 f6 20. Bd6 Bxd6 21. Nxd6+ Ke7 22.
Ne4 f5 23. Nc5 Kd6 24. Rc1 Rgb8 25. Kf2 Rb2 26. Rhd1 Ke7 27. Nxe6 Re8 28. Rxc6 Nb4 29. Rcd6 Kf7 30. Nf4 Ra2 31. Rh6 Kg7 32. Rdd6 Rxa4 33. Nh5+ Kf8 34. Rxh7 Ra2 35. Rf6+ Kg8 36. Rg7+ 1-0

[Event "*** Titled Tuesday 3|2 Blitz (Early)"]
[Site "Chess.com"]
[Date "2016.12.06"]
[Round "8"]
[White "Harbuzi01"]
[Black "Vrolijk"]
[Result "1-0"]
[WhiteElo "2693"]
[BlackElo "2231"]
[TimeControl "180+2"]
[EndTime "12:46:38 PST"]
[Termination "Harbuzi01 won by resignation"]

1. e4 g6 2. h4 d5 3. e5 h5 4.
Nh3 c5 5. Ng5 e6 6. d4 cxd4 7.
Qxd4 Nc6 8. Bb5 Nh6 9. Nc3 Bg7 10. Bxc6+ bxc6 11. Bf4 Qb6 12. Nf3 c5 13. Qd2 Ba6 14. Na4 Qb5 15. Nc3 Qb6 16. Na4 Qb5 17. b3 Nf5 18.
Nb2 O-O 19. c4 dxc4 20. Nxc4 Rfd8 21. Qc3 Nd4 22. Nfd2 Qc6 23. f3 Qd5 24. Kf2 Nb5 25. Qa5 Qc6 26. Ne4 Nd4 27. Rac1 Rac8 28. Ncd6 Rb8 29.
Qxc5 Qxc5 30. Rxc5 Rb4 31. Bg5 Rdb8 32. Bf4 Rd8 33. Rc7 Ne2 34. Bg5 Rf8 35. Bf6 Bxf6 36.
Nxf6+ Kg7 37. Nd7 Rd8 38. Nc5 Rf8 39. Nxe6+ 1-0

[Event "*** Titled Tuesday 3|2 Blitz (Early)"]
[Site "Chess.com"]
[Date "2016.12.06"]
[Round "8"]
[White "GMKrikor"]
[Black "Sethu0025"]
[Result "0-1"]
[WhiteElo "2517"]
[BlackElo "2614"]
[TimeControl "180+2"]
[EndTime "12:46:44 PST"]
[Termination "Sethu0025 won on time"]

1. e4 c5 2. Nf3 e6 3. d4 cxd4 4.
Nxd4 Nc6 5. Nc3 Qc7 6. g3 a6 7. Bg2 d6 8. O-O Nf6 9. a4 Be7 10. Be3 Na5 11. Qe2 O-O 12. Rad1 Bd7 13. Bc1 Rfe8 14.
g4 Bc8 15. g5 Nd7 16. f4 Nc6 17. Nb3 b6 18. Rd3 g6 19. h4 Nb4 20. Rh3 Bb7 21. h5 Nf8 22. Qf2 d5 23. exd5 exd5 24. f5 Bc5 25. Nxc5 Qxc5 26. Be3 Rxe3 27. Qxe3 d4 28. Qf2 Bxg2 29. fxg6 f5 30. gxf6 dxc3 31. Re3 Bxf1 32. bxc3 Nd5 33. f7+ Kh8 34. g7+ Kxg7 35. Qg3+ Ng6 0-1

[Event "*** Titled Tuesday 3|2 Blitz (Early)"]
[Site "Chess.com"]
[Date "2016.12.06"]
[Round "8"]
[White "Gabrielian_Artur"]
[Black "dretch"]
[Result "1-0"]
[WhiteElo "2600"]
[BlackElo "2591"]
[TimeControl "180+2"]
[EndTime "12:46:45 PST"]
[Termination "Gabrielian_Artur won on time"]

1. e4 e6 2. d4 d5 3. Nc3 Nf6 4. e5 Nfd7 5. f4 c5 6. Nf3 Nc6 7. Be3 cxd4 8. Nxd4 Bc5 9. Qd2 O-O 10.
O-O-O a6 11. Nb3 Be7 12. h4 b5 13. h5 Nb6 14. h6 g6 15. Qf2 Na4 16. Nxa4 bxa4 17.
Nd4 Bd7 18. a3 Rb8 19. Nxc6 Bxc6 20. Bd4 Qa5 21. Rh3 Rfc8 22. Rc3 Bf8 23. g4 Bxh6 24.
Kb1 Bf8 25. f5 Bd7 26. Rh3 Qd8 27. fxg6 hxg6 28. Bxa6 Bg7 29. Bxc8 Qxc8 30. Rdh1 Qc7 31. Qf6 1-0

[Event "*** Titled Tuesday 3|2 Blitz (Early)"]
[Site "Chess.com"]
[Date "2016.12.06"]
[Round "8"]
[White "Zhani-Z"]
[Black "nihalsarin"]
[Result "0-1"]
[WhiteElo "2279"]
[BlackElo "2509"]
[TimeControl "180+2"]
[EndTime "12:46:51 PST"]
[Termination "nihalsarin won by resignation"]

1. d4 Nf6 2. c4 e6 3. Nc3 Bb4 4. e3 b6 5. Ne2 Ba6 6. a3 Bxc3+ 7.
Nxc3 d5 8. cxd5 Bxf1 9. Kxf1 exd5 10. b4 O-O 11. f3 Re8 12. Kf2 c6 13. Re1 a5 14. Rb1 axb4 15. axb4 Na6 16. e4 dxe4 17. fxe4 Nc7 18. Kg1 Qd7 19. Bg5 Re6 20. e5 Nfd5 21. Ne4 Rg6 22. h4 h6 23. Qd3 hxg5 24. h5 Rh6 25. Ng3 Ra2 26. Qe4 Nc3 27. Qf5 Qxf5 28. Nxf5 Nxb1 29. Rxb1 Rxh5 30. Ne7+ Kh7 31. Nxc6 Nd5 32.
b5 Ne3 0-1

[Event "*** Titled Tuesday 3|2 Blitz (Early)"]
[Site "Chess.com"]
[Date "2016.12.06"]
[Round "8"]
[White "FearlessKing64"]
[Black "Astaneh"]
[Result "0-1"]
[WhiteElo "1999"]
[BlackElo "2459"]
[TimeControl "180+2"]
[EndTime "12:47:00 PST"]
[Termination "Astaneh won on time"]

1. e4 e5 2. Nf3 Nc6 3. Bc4 Nf6 4.
d4 exd4 5. e5 d5 6. Bb5 Ne4 7.
Nxd4 Bd7 8. Bxc6 bxc6 9. Be3 c5 10. Nb3 d4 11. Bf4 Bc6 12. O-O a5 13. c3 a4 14. Nc1 a3 15. bxa3 dxc3 16. Qc2 Qd5 17. f3 Qd4+ 18. Kh1 Bb5 19. Nb3 Qd3 20. Rc1 Qxc2 21. Rxc2 Bd3 22. Rc1 c2 23. N1d2 Nc3 24. Nf1 Ne2 25. Re1 Nxf4 26. Ng3 Rxa3 27. Rac1 c4 28.
Nd2 Bb4 0-1

[Event "*** Titled Tuesday 3|2 Blitz (Early)"]
[Site "Chess.com"]
[Date "2016.12.06"]
[Round "8"]
[White "Grootneus"]
[Black "ZhuChenChess"]
[Result "0-1"]
[WhiteElo "2081"]
[BlackElo "2374"]
[TimeControl "180+2"]
[EndTime "12:47:18 PST"]
[Termination "ZhuChenChess won on time"]

1. e4 c5 2. b4 cxb4 3. a3 bxa3 4.
d4 e6 5. Bd3 Nc6 6. Ne2 a2 7. Rxa2 Nb4 8. Ra1 Nxd3+ 9. Qxd3 Nf6 10.
O-O Be7 11. f4 d5 12. e5 Ne4 13. c4 O-O 14. cxd5 Qxd5 15. Nbc3 Nxc3 16. Nxc3 Qd8 17. Ba3 Bd7 18. Bxe7 Qxe7 19. Ne4 Bc6 20. Nd6 a5 21.
Rfe1 Rfd8 22. Re3 a4 23. Rh3 g6 24. Ra3 Rxd6 25. exd6 Qxd6 26. Re3 b5 27. Re1 b4 28. Raa1 Qxf4 29. Rf1 Qd6 30. Qc2 a3 31. Rfb1 Bd5 0-1

[Event "*** Titled Tuesday 3|2 Blitz (Early)"]
[Site "Chess.com"]
[Date "2016.12.06"]
[Round "8"]
[White "FrankieJay"]
[Black "Wolverine_master"]
[Result "0-1"]
[WhiteElo "2194"]
[BlackElo "2044"]
[TimeControl "180+2"]
[EndTime "12:47:22 PST"]
[Termination "Wolverine_master won on time"]

1. e4 d5 2. exd5 Qxd5 3. Nc3 Qd6 4. d4 Nf6 5. Nf3 a6 6. g3 Nc6 7. Bg2 Bg4 8. Bf4 Qb4 9. h3 Bh5 10. g4 Bg6 11. Bxc7 Nd5 12. a3 Nxc3 13. axb4 Nxd1 14. Rxd1 Nxb4 15. c3 Nd5 16. Bg3 e6 17. Ne5 O-O-O 18. O-O Bd6 19. c4 Nf6 20. Rfe1 Bb4 21. Re3 Bd6 22.
Rb3 Bc2 23. Rxb7 Bxd1 24. Nxf7 Bxg3 25. fxg3 Rhf8 26. c5 Nd5 27. Ra7 Kb8 0-1

[Event "*** Titled Tuesday 3|2 Blitz (Early)"]
[Site "Chess.com"]
[Date "2016.12.06"]
[Round "8"]
[White "josiwales"]
[Black "Rating-Schmating"]
[Result "0-1"]
[WhiteElo "2233"]
[BlackElo "2225"]
[TimeControl "180+2"]
[EndTime "12:47:25 PST"]
[Termination "Rating-Schmating won by resignation"]

1. e4 e6 2. d3 d5 3. Qe2 dxe4 4.
dxe4 c5 5. Nf3 Nc6 6. c3 b6 7.
Qc2 Bb7 8. Bg5 Be7 9. Bxe7 Ngxe7 10. Nbd2 Qc7 11. O-O-O a6 12. Nc4 O-O 13. Nd6 Rad8 14. e5 Ng6 15. Nc4 b5 16. Nd6 Ncxe5 17. Nxb7 Qxb7 18.
Be2 Ng4 19. Rhf1 Nf6 20. h3 Qe4 21. Qxe4 Nxe4 22. Bd3 Nf6 23. Bxg6 hxg6 24. Ne5 Nd5 25. Rfe1 Rc8 26. g3 Rfd8 27. f4 Ne7 28. g4 Nd5 29. Re4 Kf8 30. h4 Ne7 31. Ree1 f6 32. Nd3 Kf7 33. Nf2 Nd5 34. Ne4 Ke7 35. f5 gxf5 36.
gxf5 e5 37. Rg1 Kf7 38. Rg6 Nf4 39. Nd6+ Rxd6 40. Rxd6 Nxg6 41. fxg6+ Kxg6 42. Rxa6 Rb8 43. Rc6 c4 44. Kd2 Rb7 45. Ke3 Kh5 46. b3 cxb3 47.
axb3 Kxh4 48. Ke4 Kg5 49. c4 bxc4 50. bxc4 g6 51. c5 Re7 52. Rc8 f5+ 53. Ke3 Kg4 54. c6 g5 55. Ra8 Rc7 56. Ra6 f4+ 57. Ke4 f3 58. Ra1 f2 59. Rf1 Kg3 60. Ke3 Rxc6 61. Rxf2 Rc3+ 0-1

[Event "*** Titled Tuesday 3|2 Blitz (Early)"]
[Site "Chess.com"]
[Date "2016.12.06"]
[Round "8"]
[White "MateusViageiro"]
[Black "viktorskliarov"]
[Result "0-1"]
[WhiteElo "2260"]
[BlackElo "2467"]
[TimeControl "180+2"]
[EndTime "12:47:36 PST"]
[Termination "viktorskliarov won by resignation"]

1. e4 c5 2. Nf3 Nc6 3. Bb5 e6 4. O-O Nge7 5. c3 a6 6. Ba4 b5 7. Bc2 d5 8. exd5 Nxd5 9. d4 Bb7 10. Re1 cxd4 11. Nxd4 Nxd4 12. Qxd4 Qb6 13. Qg4 Bc5 14.
Re2 g6 15. a4 b4 16. Bh6 O-O-O 17. c4 Nf6 18. Qh4 b3 19. Nc3 bxc2 20. Rxc2 Qc6 21. Qh3 Ne4 22. Nxe4 Qxe4 23. Rcc1 g5 24. b4 g4 25. Qg3 Bd6 26. f3 Qd4+ 27. Qf2 Bxh2+ 28. Kf1 Qd3+ 29. Qe2 gxf3 30. gxf3 Bxf3 31. Qxd3 Rxd3 32. b5 Rhd8 33. c5 Be5 34. Rab1 Bd4 35. c6 Rg8 0-1